 Dungeon Crawl Stone Soup version 0.24.0-123-gd5b16e6ec5 (webtiles) character file.

Game seed: 10739198394343189507, levelgen mode: deterministic

508621 Inkh2 the Merry Centaur (level 24, -18/216 HPs)
             Began as a Centaur Hunter on Feb 9, 2020.
             Was the Champion of Okawaru.
             Demolished by a yaktaur captain (23 damage)
             ... on level 3 of the Vaults on Feb 10, 2020.
             The game lasted 05:00:51 (108644 turns).

Inkh2 the Merry Centaur (Centaur Hunter)          Turns: 108644, Time: 05:00:51

Health: -18/216    AC: 32    Str: 28    XL:     24   Next: 25%
Magic:  29/29      EV: 10    Int: 15    God:    Okawaru [******]
Gold:   4352       SH:  0    Dex: 14    Spells: 22/27 levels left

rFire    . . .     SeeInvis .   b - +2 executioner's axe (vamp)
rCold    . . .     Gourm    .   (shield currently unavailable)
rNeg     + + .     Faith    .   W - +1 ring mail {rN+}
rPois    +         Spirit   .   P - +2 helmet {Int+3}
rElec    .         Reflect  .   L - +2 cloak {rPois}
rCorr    .         Harm     .   u - +2 pair of gloves "Ratytui" {Str+3}
MR       ++...                  V - +2 centaur barding "Votrac" {+Fly MR+ Int+2 Dex+2}
Stlth    ..........             m - amulet of the acrobat
HPRegen  0.46/turn              g - +4 ring of slaying
MPRegen  0.21/turn              r - ring of positive energy

@: studying Dodging, lightly drained, very quick
A: large, hooves 3, deformed body, speed 2, tough skin 3
}: 2/15 runes: decaying, gossamer
a: Heroism, Finesse, Renounce Religion, Evoke Flight


You were on level 3 of the Vaults.
You worshipped Okawaru.
Okawaru was exalted by your worship.
You were very hungry.

You visited 10 branches of the dungeon, and saw 46 of its levels.

You collected 7152 gold pieces.
You spent 2800 gold pieces at shops.

Inventory:

Hand Weapons
 a - a +4 longbow of freezing
 b - a +2 vampiric executioner's axe (weapon)
 e - a +4 sacred scourge of holy wrath
Missiles
 d - 1319 arrows
Armour
 u - the +2 pair of gloves "Ratytui" (worn) {Str+3}
   (Okawaru gifted it to you on level 3 of the Swamp)

   It affects your strength (+3).
 L - a +2 cloak of poison resistance (worn)
 P - a +2 helmet of intelligence (worn)
 R - +5 gold dragon scales
 V - the +2 centaur barding "Votrac" (worn) {+Fly MR+ Int+2 Dex+2}
   (Okawaru gifted it to you on level 1 of the Lair of Beasts)

   It affects your intelligence (+2).
   It affects your dexterity (+2).
   It affects your resistance to hostile enchantments.
   It lets you fly.
 W - a +1 ring mail of positive energy (worn)
Jewellery
 g - a +4 ring of slaying (left hand)
 i - a +6 ring of evasion
 m - an amulet of the acrobat (around neck)
 r - a ring of positive energy (right hand)
 w - a +3 ring of slaying
 D - the ring "Lyetz" {*Corrode rElec rF+ EV+2 Str+3}
   (You found it on level 4 of the Vaults)

   [ring of evasion]

   It affects your evasion (+2).
   It affects your strength (+3).
   It protects you from fire.
   It insulates you from electricity.
   It may corrode you when you take damage.
Wands
 F - a wand of clouds (6)
 N - a wand of disintegration (17)
 T - a wand of scattershot (3)
 X - a wand of digging (19)
Scrolls
 f - 13 scrolls of fear
 j - 17 scrolls of remove curse
 k - 6 scrolls of fog
 n - 22 scrolls of identify
 o - 2 scrolls of enchant weapon
 t - a scroll of silence
 B - 7 scrolls of teleportation
 K - 7 scrolls of amnesia
 M - 10 scrolls of magic mapping
Potions
 h - 6 potions of flight
 l - 5 potions of agility
 q - a potion of cancellation
 s - 4 potions of might
 v - 5 potions of invisibility
 x - 9 potions of berserk rage
 A - 5 potions of brilliance
 E - 10 potions of ambrosia
 G - 7 potions of mutation
 H - 4 potions of haste
 J - 10 potions of curing
 Y - a potion of resistance
 Z - 2 potions of magic
Books
 U - a manual of Dodging
Miscellaneous
 y - a phial of floods
 z - a fan of gales
 O - 2 boxes of beasts
Comestibles
 c - 48 rations


   Skills:
 - Level 18.0(17.9) Fighting
   Level 7.5 Short Blades
 O Level 27(26.9) Bows
 + Level 20.9(20.8) Armour
 - Level 6.0(5.9) Dodging
 - Level 0.4(0.3) Stealth
 - Level 2.3 Spellcasting
 - Level 6.0(5.9) Conjurations
 - Level 5.0(4.9) Translocations
 - Level 4.0(3.9) Fire Magic
 - Level 8.1 Invocations
 - Level 8.0(7.9) Evocations


You had 22 spell levels left.
You knew the following spells:

 Your Spells              Type           Power        Failure   Level  Hunger
a - Blink                 Tloc           N/A          5%          2    ###....
b - Conjure Flame         Conj/Fire      ###.....     11%         3    ###....

Your spell library contained the following spells:

 Spells                   Type           Power        Failure   Level  Hunger
 Magic Dart               Conj           ###.         2%          1    #......
 Apportation              Tloc           ###...       3%          1    #......
 Shock                    Conj/Air       ##..         8%          1    #......
 Sting                    Conj/Pois      ##..         8%          1    #......
 Gell's Gravitas          Tloc           ###.......   11%         3    ###....
 Lesser Beckoning         Tloc           ###.......   11%         3    ###....
 Teleport Other           Tloc           ###.....     11%         3    ###....
 Shroud of Golubria       Chrm/Tloc      #.....       14%         2    ###....
 Dazzling Spray           Conj/Hex       ##....       24%         3    ###....
 Static Discharge         Conj/Air       ##......     24%         3    ###....
 Confusing Touch          Hex            #.....       26%         1    #......
 Corona                   Hex            #......      26%         1    #......
 Summon Butterflies       Summ           #.......     26%         1    #......
 Portal Projectile        Hex/Tloc       #.....       28%         3    ###....
 Recall                   Summ/Tloc      N/A          28%         3    ###....
 Inner Flame              Hex/Fire       #.......     34%         3    ###....
 Mephitic Cloud           Conj/Pois/Air  #.......     34%         3    ###....
 Passage of Golubria      Tloc           N/A          34%         4    #####..
 Call Imp                 Summ           #.......     36%         2    ###....
 Ensorcelled Hibernation  Hex/Ice        #.....       36%         2    ###....
 Passwall                 Tmut/Erth      #.......     36%         2    ###....
 Poisonous Vapours        Pois/Air       #.....       36%         2    ###....
 Slow                     Hex            #.......     36%         2    ###....
 Swiftness                Chrm/Air       #.......     36%         2    ###....
 Ignite Poison            Fire/Tmut/Pois #.......     43%         3    ###....
 Call Canine Familiar     Summ           #.......     61%         3    ###....
 Confuse                  Hex            #.......     61%         3    ###....
 Tukima's Dance           Hex            #.......     61%         3    ###....
 Fireball                 Conj/Fire      ###.......   67%         5    ######.
 Lightning Bolt           Conj/Air       ##........   91%         5    ######.
 Venom Bolt               Conj/Pois      ##........   91%         5    ######.
 Airstrike                Air            #.........   95%         4    #####..
 Cause Fear               Hex            #.........   95%         4    #####..
 Ice Form                 Ice/Tmut       #.......     95%         4    #####..
 Leda's Liquefaction      Hex/Erth       #.........   95%         4    #####..
 Olgreb's Toxic Radiance  Pois           #.......     95%         4    #####..
 Petrify                  Tmut/Erth      #.......     95%         4    #####..
 Summon Ice Beast         Ice/Summ       #.......     95%         4    #####..
 Summon Forest            Summ/Tloc      #.........   95%         5    ######.
 Bolt of Fire             Conj/Fire      ###.......   99%         6    #######
 Alistair's Intoxication  Tmut/Pois      #.......     100%        5    ######.
 Aura of Abjuration       Summ           #.........   100%        5    ######.
 Lee's Rapid Deconstruct  Erth           #.........   100%        5    ######.
 Metabolic Englaciation   Hex/Ice        #.........   100%        5    ######.
 Summon Demon             Summ           #.........   100%        5    ######.
 Summon Mana Viper        Hex/Summ       #.......     100%        5    ######.
 Yara's Violent Unravell  Hex/Tmut       #.........   100%        5    ######.
 Bolt of Cold             Conj/Ice       ##........   100%        6    #######
 Darkness                 Hex            #.........   100%        6    #######
 Freezing Cloud           Conj/Ice/Air   #.........   100%        6    #######
 Invisibility             Hex            #.......     100%        6    #######
 Ozocubu's Refrigeration  Ice            #.........   100%        6    #######
 Shadow Creatures         Summ           N/A          100%        6    #######
 Simulacrum               Ice/Necr       #.........   100%        6    #######
 Ring of Flames           Chrm/Fire      #.........   100%        7    #######
 Summon Hydra             Summ           #.........   100%        7    #######
 Ignition                 Fire           ##........   100%        8    #######


Dungeon Overview and Level Annotations

Branches:
Dungeon (15/15)            Temple (1/1) D:5            Lair (6/6) D:11
  Swamp (4/4) Lair:4       Spider (4/4) Lair:4        Slime (0/5) Lair:5
    Orc (2/2) D:10            Elf (3/3) Orc:2        Vaults (5/5) D:14
  Crypt (1/3) Vaults:3     Depths (5/5) D:15            Zot (0/5) Depths:5

Altars:
Ashenzari
Cheibriados
Fedhas
Gozag
Hepliaklqana
Kikubaaqudgha
Makhleb
Okawaru
Qazlal
Trog
Uskayaw
Vehumet
Wu Jian
Xom
Yredelemnul
The Shining One
Beogh
Jiyva

Shops:
D:5 *   D:11 ?   Orc:2 =%([?*%([   Elf:1 %*!*   Vaults:2 (   Vaults:3 *
Vaults:4 ***   Depths:2 (

Portals:
Hell: Depths:1 Depths:2 Depths:3 Depths:4 Depths:5
Abyss: Depths:4
Pandemonium: Depths:2 Depths:3 Depths:4 Depths:5
Ziggurat: Depths:2

Annotations:
Depths:4 1 transporter


Innate Abilities, Weirdness & Mutations

You have hooves in place of feet.
Armour fits poorly on your strangely shaped body.
You cover ground very quickly.
You have extremely tough skin. (AC +3)


Message History

A yaktaur captain comes into view.
The yaktaur captain shouts!
An ironbrand convoker comes into view. It is wielding a +0 mace.
The ironbrand convoker shouts!
The yaktaur captain hits you but does no damage.
The ironbrand convoker points at the wolf spider and mumbles some strange words.
The wolf spider seems to grow stronger.
An ice dragon comes into view.
The ice dragon breathes frost at you.
The blast of cold hits you but does no damage.
You hear a shout!
You feel better.
The wolf spider hits you but does no damage.
The wolf spider bites you!
* * * LOW HITPOINT WARNING * * *
The wolf spider hits you!!
* * * LOW HITPOINT WARNING * * *
The wolf spider bites you but does no damage.
The yaktaur captain hits you!!
You die...

#........########+### ...
#........# ... #........#
#........ #........# #........
#........# ######## #........
#........# +......+ #......##
#........# #......# #......#.
#........# #...s..# #......#.
#........# #..@...# #......#.
#........# #.cD.p.# #.....∩#.
#........# +......# #......#.
#........# ######+# #......#.
#........# #......'. #........#
#......#. #........# #......#.
#......).################......#.
#...........^..................#.


You could see an ice dragon, a yaktaur captain, a wolf spider and an ironbrand
convoker.

Vanquished Creatures
  Mennas (Depths:4)
  the Lernaean hydra (Swamp:3)
  Boris (Depths:5)
  Saint Roka (Vaults:1)
  Margery (Depths:1)
  3 golden dragons
  Nikola (Depths:2)
  Arachne (Spider:2)
  Rupert (D:11)
  2 tentacled monstrosities
  2 quicksilver dragons
  4 deep elf blademasters
  3 deep elf master archers (Elf:3)
  A sphinx (Vaults:4)
  3 shadow dragons (Depths:3)
  3 thorn hunters
  5 tengu reavers
  A storm dragon (Depths:3)
  8 fire giants
  4 iron dragons
  A ghost moth (Spider:3)
  Aizul (Elf:2)
  A balrug (Depths:3)
  Louise (D:15)
  10 deep elf sorcerers
  8 frost giants
  A draconian knight (Depths:5)
  2 orc warlords
  A ghoul (Vaults:4)
  9 vault wardens
  A curse skull (Vaults:3)
  A draconian stormcaller (Depths:5)
  A caustic shrike zombie (Depths:1)
  9 emperor scorpions
  A reaper (Depths:3)
  7 ironheart preservers
  3 deep elf elementalists (Elf:3)
  A war gargoyle (Vaults:4)
  3 entropy weavers
  11 stone giants
  The ghost of hazymike the Grappler, a journeyman TrWz of Elyvilon (Lair:3)
  Nessos (D:14)
  2 vampire knights
  8 deep elf demonologists
  2 green draconians (Depths:5)
  8 very ugly things
  2 grey draconians (Depths:5)
  Azrael (Orc:2)
  15 deep elf annihilators
  2 red draconians (Depths:5)
  8 spark wasps
  2 purple draconians (Depths:5)
  6 ettins
  An eidolon (Vaults:3)
  A blizzard demon (Depths:3)
  A quicksilver dragon zombie (Crypt:1)
  8 deep elf death magi (Elf:3)
  10 fire dragons
  A crystal guardian (Vaults:3)
  13 deep elf high priests
  Josephine (D:10)
  13 yaktaur captains
  Fannar (Lair:2)
  A death ooze (Lair:4)
  6 vault guards
  35 hydras
  5 rakshasas
  A hydra (shapeshifter) (Depths:2)
  A shambling mangrove (Swamp:1)
  2 ghost crabs (Swamp:4)
  9 great orbs of eyes
  11 ice dragons
  4 spriggan air magi
  3 catoblepae
  10 alligators
  11 centaur warriors
  5 death knights
  14 tengu warriors
  6 death yaks
  7 deep troll earth magi
  38 two-headed ogres
  5 deep troll shamans
  Erica (D:8)
  23 dancing weapons
  11 ogre magi
  2 orc high priests
  A vampire mage (Crypt:1)
  Nergalle (D:10)
  Urug (Lair:2)
  27 deep elf knights
  13 spriggan berserkers
  9 hell knights
  Sonja (Lair:2)
  2 iron trolls
  4 soul eaters
  A salamander mystic (D:15)
  3 sun demons (Depths:3)
  2 shadow wraiths (Vaults:4)
  5 skeletal warriors
  A death drake (shapeshifter) (Depths:4)
  18 deep trolls
  3 flayed ghosts
  2 quicksilver dragon simulacra (Depths:3)
  3 unseen horrors
  2 spriggan druids
  A shadow demon (Depths:4)
  2 wizards (Vaults:2)
  11 swamp dragons
  A tengu zombie (Vaults:4)
  19 deep elf archers
  5 glowing orange brains
  A sphinx zombie (Vaults:4)
  8 necromancers
  2 phantasmal warriors
  14 ironbrand convokers
  14 orc knights
  9 harpies (Vaults:3)
  28 wolf spiders
  12 orb spiders
  5 orc sorcerers
  An orb spider (shapeshifter) (Vaults:2)
  A fire giant zombie (Depths:3)
  3 manticores
  2 human zombies (Vaults:2)
  3 tengu skeletons
  51 ugly things
  11 cyclopes
  6 salamanders
  A centaur zombie (D:14)
  70 deep elf magi
  9 rust devils
  Maurice (D:9)
  4 elephants (Lair:3)
  2 moths of wrath
  A black mamba (shapeshifter) (Depths:4)
  8 black mambas
  2 torpor snails
  11 vault sentinels
  5 spectral swamp worms (Depths:4)
  A stone giant skeleton (Depths:1)
  14 spiny frogs
  An ice statue (Depths:3)
  A frost giant skeleton (Depths:3)
  A smoke demon (Depths:4)
  A spiny frog (shapeshifter) (Depths:5)
  A small abomination (Elf:3)
  A spriggan zombie (Depths:1)
  A rime drake (Lair:5)
  A komodo dragon (shapeshifter) (Vaults:1)
  2 efreet (Depths:3)
  10 demonic crawlers
  11 komodo dragons
  12 freezing wraiths
  33 yaktaurs
  2 ice devils
  A hellwing (Depths:4)
  A meliai (shapeshifter) (Vaults:2)
  6 meliai
  5 tengu conjurers (Depths:3)
  2 polar bears
  A wind drake (shapeshifter) (Vaults:2)
  2 red devils (Depths:3)
  8 trolls
  Grinder (D:5)
  16 hornets
  18 jumping spiders
  A jumping spider (shapeshifter) (Vaults:2)
  5 tyrant leeches
  14 blink frogs
  A hornet (shapeshifter) (Vaults:1)
  A harpy skeleton (D:15)
  7 dream sheep
  A tengu simulacrum (Vaults:3)
  A hippogriff (shapeshifter) (Vaults:4)
  A stone giant simulacrum (Vaults:2)
  A blink frog (shapeshifter) (Depths:1)
  8 bog bodies
  47 slime creatures
  An ettin zombie (Vaults:3)
  11 hippogriffs
  A spriggan skeleton (Depths:1)
  3 flying skulls (Depths:3)
  An ettin skeleton (Vaults:2)
  9 water elementals
  A spriggan (shapeshifter) (Vaults:1)
  8 spriggans
  An air elemental (Elf:1)
  28 tarantellas
  A vampire (D:9)
  5 wyverns
  89 yaks
  2 shadows
  14 wraiths
  A wyvern (shapeshifter) (Vaults:4)
  5 fire elementals
  65 redbacks
  A hog (shapeshifter) (Vaults:1)
  A yaktaur simulacrum (Vaults:2)
  16 humans (D:14)
  2 basilisks
  2 hungry ghosts (D:15)
  22 vampire mosquitoes
  Menkaure (D:5)
  2 steam dragons
  6 wargs
  24 insubstantial wisps
  16 swamp worms
  An acid dragon (Vaults:1)
  13 water moccasins
  Duvessa (D:6)
  10 porcupines
  7 hell hounds
  A deep troll skeleton (Vaults:4)
  5 sky beasts
  A floating eye (shapeshifter) (Vaults:2)
  46 orc warriors
  9 swamp drakes
  A fire dragon simulacrum (Crypt:1)
  A swamp drake (shapeshifter) (Vaults:3)
  5 ice beasts
  A phantom (D:12)
  4 black bears
  5 ettin simulacra
  A black bear (shapeshifter) (Vaults:4)
  A necrophage (D:10)
  36 ogres
  An eye of draining (shapeshifter) (Depths:5)
  6 boggarts
  2 centaurs (shapeshifter)
  14 crocodiles
  15 centaurs
  7 big kobolds
  3 earth elementals
  18 bullfrogs
  Dowan (D:6)
  2 human skeletons
  16 killer bees
  4 scorpions
  A human simulacrum (Vaults:2)
  15 wights
  2 electric eels
  3 howler monkeys (D:7)
  8 crimson imps
  A quasit (D:8)
  3 bullfrog zombies
  8 hounds
  22 jellies
  Crazy Yiuf (D:3)
  25 orc priests
  2 bullfrog skeletons
  32 orc wizards
  4 centaur skeletons
  5 iguanas
  Ijyb (D:3)
  12 worker ants
  2 hound skeletons
  2 worker ant zombies
  7 gnolls
  10 adders
  2 shadow imps
  An ooze (D:2)
  2 adder skeletons
  An adder zombie (D:7)
  5 worms
  2 dart slugs
  4 leopard geckos
  128 orcs
  9 bats
  6 giant cockroaches
  8 goblins
  11 hobgoblins
  4 jackals (D:3)
  10 quokkas
  A ball python (D:1)
  2 frilled lizards
  A jackal skeleton (D:5)
  22 kobolds
  A leopard gecko zombie (D:6)
  A quokka skeleton (D:5)
  7 rats
  2 crawling corpses (Elf:3)
  A fire vortex (Depths:1)
  3 fungi
  4 plants
2085 creatures vanquished.

Vanquished Creatures (collateral kills)
  Boris (Vaults:2)
  Jorgrun (D:12)
  A deep elf master archer (Elf:3)
  A deep elf elementalist (Elf:3)
  An ironheart preserver (Vaults:1)
  A deep elf annihilator (Elf:3)
  A great orb of eyes (Depths:4)
  An ice dragon (Vaults:4)
  A centaur warrior (Vaults:1)
  A two-headed ogre (Vaults:4)
  A deep elf knight (Vaults:1)
  3 ugly things
  A wolf spider (Vaults:4)
  A yaktaur (Vaults:2)
  A wyvern (D:15)
  3 orc warriors (Vaults:1)
  An ogre (Vaults:4)
  A hound (D:9)
  3 orc wizards (Orc:2)
  An orc (Vaults:1)
26 creatures vanquished.

Vanquished Creatures (others)
  An entropy weaver (Spider:1)
  A deep elf archer (Elf:2)
  A deep elf mage (Elf:1)
  An orc sorcerer (Orc:2)
  A fire elemental (Elf:3)
  3 wights (D:10)
  A quasit (D:8)
  An orc priest (Orc:2)
  An orc (Orc:2)
  17 fungi
  21 plants
49 creatures vanquished.

Grand Total: 2160 creatures vanquished

Notes
Turn   | Place    | Note
-------+----------+-------------------------------------------
     0 | D:1      | Inkh2 the Centaur Hunter began the quest for the Orb.
     0 | D:1      | Reached XP level 1. HP: 17/17 MP: 1/1
   163 | D:1      | Reached skill level 6 in Bows
   163 | D:1      | Reached XP level 2. HP: 15/24 MP: 2/2
   548 | D:1      | Reached XP level 3. HP: 24/29 MP: 3/3
   996 | D:2      | Found a faded altar of an unknown god.
  1026 | D:2      | Reached skill level 7 in Bows
  1697 | D:2      | Reached XP level 4. HP: 25/36 MP: 4/4
  2446 | D:3      | Reached skill level 8 in Bows
  2681 | D:3      | Reached XP level 5. HP: 35/41 MP: 5/5
  2773 | D:3      | Found a runed translucent door.
  2774 | D:3      | Noticed Crazy Yiuf
  2887 | D:3      | Noticed Ijyb
  2902 | D:3      | Killed Ijyb
  3189 | D:3      | Killed Crazy Yiuf
  3189 | D:3      | Reached skill level 9 in Bows
  3411 | D:4      | Noticed a yak
  3414 | D:4      | Noticed a yak
  3415 | D:4      | Noticed a yak
  3416 | D:4      | Noticed a yak
  3416 | D:4      | Noticed a yak
  3488 | D:3      | Killed a yak
  3488 | D:3      | Reached skill level 10 in Bows
  3488 | D:3      | Reached XP level 6. HP: 26/48 MP: 6/6
  3801 | D:2      | Killed a yak
  4303 | D:4      | Reached XP level 7. HP: 48/55 MP: 7/7
  4326 | D:4      | Noticed a rime drake
  4326 | D:4      | a yak changed into a rime drake
  4603 | D:4      | Reached skill level 11 in Bows
  4722 | D:4      | Found a blossoming altar of Fedhas.
  4863 | D:5      | Entered Level 5 of the Dungeon
  4952 | D:5      | Found a staircase to the Ecumenical Temple.
  4952 | D:5      | Noticed Menkaure
  4967 | Temple   | Entered the Ecumenical Temple
  4998 | Temple   | Became a worshipper of Warmaster Okawaru
  5641 | D:4      | Reached skill level 12 in Bows
  5861 | D:5      | Killed Menkaure
  5887 | D:5      | Found Cuxtuc's General Store.
  6046 | D:5      | Reached * piety under Okawaru
  6153 | D:5      | Noticed Grinder
  6575 | D:5      | Paralysed by Grinder for 2 turns
  6585 | D:5      | Paralysed by Grinder for 7 turns
  6596 | D:5      | Killed Grinder
  6596 | D:5      | Reached skill level 13 in Bows
  6596 | D:5      | Reached XP level 8. HP: 18/61 MP: 8/8
  6868 | D:5      | Learned a level 2 spell: Blink
  6993 | D:6      | Reached ** piety under Okawaru
  7242 | D:6      | Reached skill level 14 in Bows
  7545 | D:6      | Noticed Duvessa
  7546 | D:6      | Noticed Dowan
  7560 | D:6      | Killed Duvessa
  7564 | D:6      | Killed Dowan
  8013 | D:6      | Reached skill level 15 in Bows
  8235 | D:7      | Reached skill level 1 in Invocations
  8235 | D:7      | Reached XP level 9. HP: 65/67 MP: 9/9
  8252 | D:7      | Reached skill level 1 in Translocations
  8466 | D:7      | Reached skill level 1 in Spellcasting
  8945 | D:8      | Reached *** piety under Okawaru
  8970 | D:8      | Received a gift from Okawaru
  8975 | D:8      | Reached skill level 5 in Invocations
  9700 | D:8      | Noticed a deep troll
  9700 | D:8      | a yak changed into a deep troll
  9773 | D:7      | Killed a deep troll
  9773 | D:7      | Reached XP level 10. HP: 44/73 MP: 10/16
 10024 | D:8      | Noticed a three-headed hydra
 10083 | D:8      | Killed a three-headed hydra
 10083 | D:8      | Reached **** piety under Okawaru
 10636 | D:8      | Noticed Erica
 11071 | D:8      | Killed Erica
 11542 | D:8      | Received a gift from Okawaru
 11542 | D:8      | Reached skill level 1 in Short Blades
 11570 | D:8      | Noticed a death yak
 11699 | D:8      | Killed a death yak
 11699 | D:8      | Received a gift from Okawaru
 11699 | D:8      | Reached ***** piety under Okawaru
 11699 | D:8      | Reached XP level 11. HP: 92/92 MP: 17/17
 13997 | D:9      | Found a shattered altar of Ashenzari.
 14679 | D:9      | Received a gift from Okawaru
 14701 | D:9      | You fall into a shaft and drop 3 floors!
 14707 | D:12     | Noticed a white ugly thing
 14727 | D:10     | Entered Level 10 of the Dungeon
 15516 | D:10     | Reached skill level 10 in Fighting
 15728 | D:10     | Noticed a death knight
 15826 | D:10     | Killed a death knight
 15826 | D:10     | Received a gift from Okawaru
 16256 | D:10     | Received a gift from Okawaru
 16740 | D:10     | Found a staircase to the Orcish Mines.
 16969 | D:10     | Noticed Nergalle
 16969 | D:10     | Noticed Josephine
 17000 | D:10     | Killed Josephine
 17002 | D:10     | Received a gift from Okawaru
 17818 | D:9      | Noticed Maurice
 18194 | D:9      | Killed Maurice
 18194 | D:9      | Received a gift from Okawaru
 18194 | D:9      | Reached XP level 12. HP: 112/112 MP: 16/18
 18636 | D:11     | Found a staircase to the Lair.
 18689 | D:11     | Noticed a five-headed hydra
 18737 | D:11     | Killed a five-headed hydra
 19353 | D:11     | Noticed a two-headed ogre
 19382 | D:11     | Killed a two-headed ogre
 19382 | D:11     | Received a gift from Okawaru
 20093 | D:11     | Found Qor Eduats's Magic Scroll Shoppe.
 20604 | D:12     | Noticed Rupert
 20694 | D:11     | Paralysed by Rupert for 3 turns
 20716 | D:11     | Killed Rupert
 20716 | D:11     | Reached skill level 1 in Armour
 21142 | D:11     | Received a gift from Okawaru
 21893 | D:12     | Noticed Jorgrun
 21929 | D:12     | Received a gift from Okawaru
 22574 | D:12     | Received a gift from Okawaru
 22978 | D:12     | Noticed a two-headed ogre
 22990 | D:12     | Killed a two-headed ogre
 23047 | D:12     | Reached XP level 13. HP: 95/123 MP: 19/19
 23558 | D:11     | Bought a scroll of blinking for 120 gold pieces
 23558 | D:11     | Bought a scroll of teleportation for 48 gold pieces
 23558 | D:11     | Bought a scroll of blinking for 120 gold pieces
 23582 | Lair:1   | Entered Level 1 of the Lair of Beasts
 23811 | Lair:1   | Received a gift from Okawaru
 24500 | Lair:1   | Received a gift from Okawaru
 24516 | Lair:1   | Got an ichor-stained centaur barding {god gift}
 24521 | Lair:1   | Identified the +2 centaur barding "Votrac" {+Fly MR+ Int+2
                  | Dex+2} (Okawaru gifted it to you on level 1 of the Lair of
                  | Beasts)
 24596 | Lair:1   | Reached skill level 5 in Translocations
 25034 | Lair:2   | Reached skill level 5 in Armour
 25096 | Lair:2   | Noticed Sonja
 25122 | Lair:2   | Noticed Fannar
 25159 | Lair:2   | Killed Sonja
 25163 | Lair:2   | Killed Fannar
 25538 | Lair:2   | Noticed Urug
 25561 | Lair:2   | Killed Urug
 25925 | Lair:2   | Learned a level 3 spell: Conjure Flame
 26636 | D:11     | Reached skill level 1 in Conjurations
 26636 | D:11     | Reached skill level 1 in Fire Magic
 28667 | Lair:3   | Received a gift from Okawaru
 29130 | Lair:4   | Found a hole to the Spider Nest.
 29149 | Lair:4   | Found a staircase to the Swamp.
 29421 | Lair:4   | Found a runed translucent gate.
 29421 | Lair:4   | Found a runed translucent gate.
 29470 | Lair:4   | Reached XP level 14. HP: 132/132 MP: 20/20
 29510 | Lair:4   | Found a runed translucent gate.
 29512 | Lair:4   | Found a viscous altar of Jiyva.
 29512 | Lair:4   | Noticed hazymike's ghost (journeyman TrWz)
 30407 | Lair:4   | Received a gift from Okawaru
 30788 | Lair:5   | Received a gift from Okawaru
 31070 | Lair:5   | Found a staircase to the Slime Pits.
 31139 | Lair:5   | Reached ****** piety under Okawaru
 31150 | Lair:5   | Received a gift from Okawaru
 31496 | Lair:5   | Found a glowing golden altar of the Shining One.
 31501 | Lair:5   | Reached skill level 5 in Conjurations
 32180 | Lair:6   | Entered Level 6 of the Lair of Beasts
 34872 | Lair:5   | Received a gift from Okawaru
 35569 | Lair:6   | Reached skill level 5 in Dodging
 37109 | Orc:1    | Entered Level 1 of the Orcish Mines
 37133 | Orc:1    | Noticed an orc warlord
 37625 | D:10     | Killed an orc warlord
 37956 | D:10     | Killed Nergalle
 38623 | Orc:1    | Found a roughly hewn altar of Beogh.
 39367 | Orc:2    | Entered Level 2 of the Orcish Mines
 39367 | Orc:2    | Found Vasoj's Antique Weapon Boutique.
 39471 | Orc:2    | Found Ramihiv's Antique Armour Shop.
 39523 | Orc:2    | Found a roughly hewn altar of Beogh.
 39807 | Orc:2    | Reached skill level 15 in Fighting
 39807 | Orc:2    | Reached XP level 15. HP: 129/141 MP: 18/21
 40097 | Orc:2    | Found a staircase to the Elven Halls.
 40167 | Orc:2    | Found a roughly hewn altar of Beogh.
 40294 | Orc:2    | Found Ymasch's Food Boutique.
 40325 | Orc:2    | Found Kehiocli's Magic Scroll Shoppe.
 40388 | Orc:2    | Found a roughly hewn altar of Beogh.
 40494 | Orc:2    | Found Fasisex's General Store.
 40987 | Orc:2    | Noticed an orc warlord
 41019 | Orc:2    | Killed an orc warlord
 41266 | Orc:2    | Found Qoelacafi's Antique Armour Shop.
 41268 | Orc:2    | Found a roughly hewn altar of Beogh.
 41272 | Orc:2    | Found Hoobbe's Antique Weapon Boutique.
 41348 | Orc:2    | Found Jonu's Jewellery Shop.
 41741 | Orc:2    | Found a roughly hewn altar of Beogh.
 41795 | Orc:2    | Noticed Azrael
 41813 | Orc:2    | Killed Azrael
 42189 | Orc:2    | Found a roughly hewn altar of Beogh.
 42260 | Orc:2    | Found a roughly hewn altar of Beogh.
 42452 | Orc:2    | Found Pocues's Food Shop.
 42569 | Orc:2    | Found a roughly hewn altar of Beogh.
 42615 | Orc:2    | Bought a +6 ring of evasion for 1092 gold pieces
 42662 | Orc:2    | Bought a glowing cloak for 247 gold pieces
 42672 | Orc:2    | Bought an embroidered cloak for 247 gold pieces
 42941 | Swamp:1  | Entered Level 1 of the Swamp
 43544 | Lair:3   | Killed hazymike's ghost
 44049 | Swamp:1  | Received a gift from Okawaru
 45144 | Swamp:1  | Reached skill level 16 in Bows
 45712 | Elf:1    | Entered Level 1 of the Elven Halls
 46011 | Elf:1    | Received a gift from Okawaru
 46024 | Elf:1    | Reached skill level 17 in Bows
 46634 | Orc:2    | Bought a longbow for 157 gold pieces
 47947 | Swamp:2  | Reached skill level 18 in Bows
 48273 | Swamp:2  | Received a gift from Okawaru
 48632 | Swamp:2  | Received a gift from Okawaru
 48956 | Swamp:2  | Reached XP level 16. HP: 151/151 MP: 22/22
 49318 | D:11     | Bought a scroll of brand weapon for 320 gold pieces
 49880 | Swamp:2  | Received a gift from Okawaru
 50164 | Swamp:3  | Noticed a thorn hunter
 50177 | Swamp:3  | Killed a thorn hunter
 50177 | Swamp:3  | Received a gift from Okawaru
 50177 | Swamp:3  | Reached skill level 19 in Bows
 50344 | Swamp:3  | Got a pitted leather armour
 50354 | Swamp:3  | Identified the +0 leather armour "Othresh" {Int-3 Dex+4}
                  | (You found it on level 3 of the Swamp)
 51128 | Swamp:3  | Got a bloodstained leather armour
 51138 | Swamp:3  | Identified the cursed +0 leather armour "Astiep" {Dex+3}
                  | (You found it on level 3 of the Swamp)
 51412 | Swamp:3  | Received a gift from Okawaru
 51718 | Swamp:4  | Entered Level 4 of the Swamp
 51780 | Swamp:4  | Noticed a thorn hunter
 51798 | Swamp:4  | Killed a thorn hunter
 51936 | Swamp:4  | Reached skill level 20 in Bows
 52459 | Swamp:4  | Noticed a thorn hunter
 52463 | Swamp:4  | Received a gift from Okawaru
 52494 | Swamp:4  | Killed a thorn hunter
 52753 | Swamp:4  | Received a gift from Okawaru
 52951 | Swamp:4  | Noticed the 27-headed Lernaean hydra
 53646 | Swamp:3  | Received a gift from Okawaru
 53652 | Swamp:3  | Got a pair of spiked gloves {god gift}
 53662 | Swamp:3  | Identified the +2 pair of gloves "Ratytui" {Str+3} (Okawaru
                  | gifted it to you on level 3 of the Swamp)
 54033 | Swamp:3  | Killed the 27-headed Lernaean hydra
 54648 | Swamp:4  | Got a decaying rune of Zot
 54854 | Swamp:4  | Reached skill level 10 in Armour
 55581 | Spider:1 | Entered Level 1 of the Spider Nest
 57913 | Spider:1 | Reached XP level 17. HP: 39/158 MP: 23/23
 58361 | Spider:1 | Received a gift from Okawaru
 59152 | Spider:2 | Noticed Arachne
 59171 | Spider:2 | Killed Arachne
 61044 | Spider:4 | Entered Level 4 of the Spider Nest
 62445 | Spider:1 | Got a polished ring mail {god gift}
 62455 | Spider:1 | Identified the +1 ring mail of Resonance {rF+ Slay+2}
                  | (Okawaru gifted it to you on level 1 of the Spider Nest)
 62649 | Spider:4 | Received a gift from Okawaru
 64614 | Spider:4 | Received a gift from Okawaru
 64901 | Spider:4 | Got a gossamer rune of Zot
 66055 | Spider:4 | Identified a scroll of acquirement
 67068 | D:12     | Got a shimmering ring mail
 67078 | D:12     | Identified the +1 ring mail of Hamiq {rCorr SInv Stlth-}
                  | (You found it on level 12 of the Dungeon)
 67137 | D:12     | Killed Jorgrun
 67659 | D:13     | Reached skill level 5 in Evocations
 67666 | D:13     | Reached XP level 18. HP: 124/172 MP: 24/24
 67761 | D:13     | Received a gift from Okawaru
 67786 | D:13     | Got a jewelled shortbow {god gift}
 67786 | D:13     | Identified the +7 shortbow "Jellyslayer" {venom, rElec
                  | Str+4 Int+4} (Okawaru gifted it to you on level 13 of the
                  | Dungeon)
 68357 | D:14     | Found an opulent altar of Gozag.
 68583 | D:14     | Found a gate to the Vaults.
 68600 | D:14     | Noticed Nessos
 68686 | D:14     | Killed Nessos
 68998 | D:14     | Found a hazy altar of Hepliaklqana.
 69568 | D:15     | Entered Level 15 of the Dungeon
 70082 | D:15     | Noticed Louise
 70737 | D:15     | Killed Louise
 70939 | D:15     | Received a gift from Okawaru
 71266 | D:15     | Found a staircase to the Depths.
 71765 | Vaults:1 | Entered Level 1 of the Vaults
 72036 | Vaults:1 | Reached skill level 21 in Bows
 72831 | Vaults:1 | Reached skill level 5 in Short Blades
 72986 | Vaults:1 | Paralysed by an ogre mage for 2 turns
 73168 | Vaults:1 | Received a gift from Okawaru
 74012 | Vaults:1 | Got a slimy cloak
 74022 | Vaults:1 | Identified the cursed -5 cloak of the Elephant {Dex+2} (You
                  | found it on level 1 of the Vaults)
 74169 | Vaults:1 | Received a gift from Okawaru
 74304 | Vaults:1 | Noticed Saint Roka
 74372 | Vaults:1 | Killed Saint Roka
 74372 | Vaults:1 | Reached skill level 22 in Bows
 74372 | Vaults:1 | Reached XP level 19. HP: 118/179 MP: 19/25
 75164 | Vaults:2 | Received a gift from Okawaru
 75666 | Vaults:2 | Noticed Boris
 76471 | Vaults:2 | Reached skill level 23 in Bows
 76942 | Vaults:2 | Received a gift from Okawaru
 77373 | Vaults:2 | Reached skill level 24 in Bows
 77967 | Vaults:2 | Killed Boris
 77967 | Vaults:2 | Received a gift from Okawaru
 78876 | Vaults:2 | Found Unoob's Antique Weapon Shop.
 78888 | Vaults:2 | Bought a crystal halberd for 297 gold pieces
 78889 | Vaults:2 | Identified the cursed +1 halberd of Change {chop, *Rage rN+
                  | Dex+4} (You bought it in a shop on level 2 of the Vaults)
 79238 | Vaults:3 | Found a staircase to the Crypt.
 80396 | Vaults:3 | Received a gift from Okawaru
 80420 | Vaults:3 | Reached skill level 25 in Bows
 80620 | Vaults:3 | Reached XP level 20. HP: 173/187 MP: 26/26
 80645 | Vaults:3 | Received a gift from Okawaru
 80897 | Vaults:3 | Got a polished scale mail
 80907 | Vaults:3 | Identified the +1 scale mail "Favvit" {MR+ Int+5 Dex+6}
                  | (You found it on level 3 of the Vaults)
 81147 | Vaults:3 | Found Ifetuos's General Store.
 81155 | Vaults:3 | Bought a scroll of summoning for 152 gold pieces
 81253 | Vaults:3 | You fall into a shaft and drop 1 floor!
 81262 | Vaults:4 | Received a gift from Okawaru
 81277 | Vaults:4 | Found Vuixeote's Assorted Antiques.
 81403 | Vaults:4 | Received a gift from Okawaru
 81576 | Vaults:4 | Found Pitas's General Store.
 81675 | Vaults:4 | Found Butopod's Assorted Antiques.
 81698 | Vaults:4 | Reached skill level 26 in Bows
 81712 | Vaults:4 | Received a gift from Okawaru
 81824 | Vaults:4 | Got a sparkling golden ring
 82753 | Vaults:4 | Paralysed by a hornet for 1 turns
 82797 | Vaults:4 | Reached skill level 27 in Bows
 83399 | Vaults:4 | Identified the ring "Lyetz" {*Corrode rElec rF+ EV+2 Str+3}
                  | (You found it on level 4 of the Vaults)
 83451 | Vaults:5 | Entered Level 5 of the Vaults
 83480 | Vaults:4 | Got a crude centaur barding {god gift}
 83490 | Vaults:4 | Identified the +8 centaur barding "Miqitir" {rElec rPois
                  | rF- Dex+4} (Okawaru gifted it to you on level 4 of the
                  | Vaults)
 83894 | Elf:1    | Found Enust's Assorted Antiques.
 83993 | Elf:1    | Found Vaicwu Nake's General Store.
 84301 | Elf:1    | Found Feapnen's Distillery.
 84486 | Elf:1    | Found Tecwitz's Food Shop.
 84533 | Elf:1    | Received a gift from Okawaru
 84981 | Elf:1    | Found the +3 warlock's mirror {reflect}
 85503 | Elf:2    | Received a gift from Okawaru
 85847 | Elf:2    | Reached XP level 21. HP: 128/194 MP: 27/27
 86429 | Elf:2    | Found a huge runed translucent gate.
 86429 | Elf:2    | Found a huge runed translucent gate.
 86429 | Elf:2    | Found a huge runed translucent gate.
 86429 | Elf:2    | Found a huge runed translucent gate.
 86429 | Elf:2    | Found a huge runed translucent gate.
 86905 | Elf:2    | Noticed Aizul
 86910 | Elf:2    | Received a gift from Okawaru
 86918 | Elf:2    | Killed Aizul
 87112 | Elf:2    | Got a faintly glowing centaur barding {god gift}
 87122 | Elf:2    | Identified the -4 centaur barding of the Yeti {Str+4 Dex+2}
                  | (Okawaru gifted it to you on level 2 of the Elven Halls)
 87648 | Elf:3    | Entered Level 3 of the Elven Halls
 88539 | Elf:2    | Reached skill level 15 in Armour
 89514 | Elf:3    | Received a gift from Okawaru
 90121 | Elf:3    | Identified the +1 plate armour of the Princeling {-Tele
                  | +Inv SInv Stlth+}
 90121 | Elf:3    | Identified the ring "Haquiph" {rElec AC+3 Str+2 Int+2}
 92892 | Elf:3    | Reached XP level 22. HP: 195/202 MP: 22/28
 92924 | Elf:3    | Identified the +2 great sword of Termination {chaos, Dex+3}
 93571 | Depths:1 | Entered Level 1 of the Depths
 93966 | Depths:1 | Received a gift from Okawaru
 94460 | Depths:1 | Noticed Margery
 94466 | Depths:1 | Killed Margery
 94819 | Depths:1 | Found a gateway to Hell.
 95967 | Depths:2 | Noticed Nikola
 95999 | Depths:2 | Killed Nikola
 96417 | Depths:2 | Found Tas Nanya's Antique Weapon Shoppe.
 96425 | Depths:2 | Received a gift from Okawaru
 96728 | Depths:2 | Received a gift from Okawaru
 96736 | Depths:2 | Found a one-way gate leading to the halls of Pandemonium.
 96843 | Depths:2 | Found a gateway to a ziggurat.
 97374 | Depths:3 | Found a radiant altar of Vehumet.
 98263 | Depths:3 | Reached XP level 23. HP: 194/209 MP: 29/29
 98397 | Depths:3 | Received a gift from Okawaru
 98714 | Depths:3 | Identified the cursed +1 leather armour of the Unseen Realm
                  | {MR+ Str+3}
 98744 | Depths:3 | Received a gift from Okawaru
 99473 | Depths:3 | Found a hide-covered altar of Uskayaw.
100974 | Depths:3 | Received a gift from Okawaru
101565 | Depths:3 | Received a gift from Okawaru
101807 | Depths:3 | Received a gift from Okawaru
101901 | Depths:3 | Found an ornate altar of the Wu Jian Council.
102000 | Depths:3 | Found a shattered altar of Ashenzari.
102222 | Depths:3 | Got an ichor-stained chain mail {god gift}
102232 | Depths:3 | Identified the +1 chain mail of the Hare {Dex+3} (Okawaru
                  | gifted it to you on level 3 of the Depths)
102575 | Depths:4 | Noticed Mennas
102994 | Depths:4 | Found a one-way gate to the infinite horrors of the Abyss.
103083 | Depths:4 | Found a transporter.
103084 | Depths:4 | Found the +15 Maxwell's patent armour {-Cast -Tele rElec
                  | MR+ rCorr}
103173 | Depths:4 | Found a transporter.
103186 | Depths:4 | Noticed a caustic shrike
103472 | Depths:4 | Killed Mennas
104979 | Depths:5 | Entered Level 5 of the Depths
105053 | Depths:5 | Noticed Boris
105083 | Depths:5 | Killed Boris
105971 | Depths:5 | Reached XP level 24. HP: 186/216 MP: 29/29
106049 | Depths:5 | Received a gift from Okawaru
106536 | Depths:5 | Received a gift from Okawaru
106702 | Depths:5 | Found a gate to the Realm of Zot.
108599 | Crypt:1  | Entered Level 1 of the Crypt
108644 | Vaults:3 | HP: 5/216 [wolf spider (25)]
108644 | Vaults:3 | Demolished by a yaktaur captain

Levels and vault maps discovered:
D:1:      psy_arrival_radial01, layout_loops_ring
D:2:      layout_basic, chequers_ecumenical_altar_island
D:3:      layout_basic, uniq_ijyb, uniq_crazy_yiuf_cottage
D:4:      layout_rooms, first_ration, fedhas_altar_2
D:5:      layout_cave_pools, minmay_temple_entry_grid, serial_shops, shop,
          uniq_grinder, uniq_menkaure
D:6:      layout_basic, uniq_duvessa
D:7:      layout_rooms
D:8:      argonaut_augean_stables, layout_layer_cave, hangedman_ranch
          [blue_anna_fruit_fields], uniq_erica
D:9:      layout_basic, lemuel_doored_altar, uniq_maurice
D:10:     layout_roguey, orc_0_dummy, uniq_nergalle, uniq_josephine
D:11:     layout_gridville, due_lair_maze_entry_diamond, serial_shops,
          nicolae_shop_crystal
D:12:     layout_loops_ring, st_stairs_4, grunt_ministairs_10, uniq_jorgrun,
          uniq_rupert
D:13:     layout_loops_ring, portal_ice_cave_entry_pillars_2,
          einodemon_crawler_minivault
D:14:     layout_roguey, david_vaults_3,
          nicolae_gozag_cash_rules_everything_around_me, basic_altar
D:15:     grunt_enter_depths_hoard, layout_basic, kennysheep_doodads,
          hangedman_abyss_or_decor_stabs, uniq_louise
Temple:   nicolae_temple_the_god_donut
Lair:1:   layout_cave_pods
Lair:2:   layout_loops_ring, gammafunk_ghost_necromancy, hibernation_bobbens,
          uniq_sonja, uniq_urug, uniq_fannar
Lair:3:   layout_small_grid
Lair:4:   layout_cave_shapes, skrybe_swamp_entry_bodies,
          spider_nest_entry_web_field, gammafunk_ghost_ooze,
          serial_bayou_shore_b, lemuel_fruit_fields
Lair:5:   layout_cave_pods, minmay_slime_entry_jelly_boxes, basic_altar
Lair:6:   evilmike_catoblepas_cave, layout_gridlike, infiniplex_staircase_pool
Swamp:1:  layout_falls_marsh, evilmike_swamp_ruin_rubble_2
Swamp:2:  layout_falls_marsh, nicolae_swamp_triple_paths
Swamp:3:  layout_basic_swamp, nicolae_swamp_orc_logging_accident
Swamp:4:  swamp_old_school, layout_basic_swamp, swamp_pool4,
          hangedman_swamp_lotus
Spider:1: layout_chambers
Spider:2: layout_spider_delve, drop_trap, uniq_arachne
Spider:3: layout_spider_delve
Spider:4: grunt_spider_rune_circles
Orc:1:    layout_caves, basic_altar, guppyfry_library_mini
Orc:2:    grunt_orc_community_town_hall, layout_caves,
          grunt_orc_community_big_house_2, grunt_orc_community_big_house_2,
          grunt_orc_community_house_1, grunt_orc_community_house_2,
          grunt_orc_community_house_3, grunt_orc_community_house_3,
          grunt_orc_community_house_1, grunt_orc_community_house_2,
          serial_shops, shop, shop_fountains, nicolae_shop_overgrown_old_shop,
          nicolae_shop_crystal, nicolae_shop_statue_plus, mines1_david,
          uniq_azrael
Elf:1:    eino_elf_arrival_customs, layout_loops_ring, serial_shops,
          nicolae_shop_stone, shop_statue, nicolae_shop_trees, shop,
          infiniplex_enter_wizlab_spiral, kennysheep_underground_church
Elf:2:    layout_geoelf_grid, uniq_aizul
Elf:3:    nooodl_elf_gasket, layout_onion_city, lemuel_flamethrower_3
Vaults:1: nicolae_vaults_mini_display_case, nicolae_vaults_little_squares_1,
          nicolae_vaults_rhombus_6, hangedman_vaults_unwind, v_misc_30,
          hangedman_vaults_pinch, vaults_dpeg_encased_lava, v_rooms_6,
          v_misc_16, vaults_room_grid, v_alt_pattern_6, vaults_mumra_lcd,
          vaults_room_guarded_vault, serial_ice_g, layout_vaults_ring,
          uniq_saint_roka
Vaults:2: hangedman_vaults_slice, nicolae_vaults_network_quincunx
          [nicolae_vaults_network_quincunx_subvault,
          nicolae_vaults_network_quincunx_subvault,
          nicolae_vaults_network_quincunx_subvault,
          nicolae_vaults_network_quincunx_subvault,
          nicolae_vaults_network_quincunx_subvault], v_misc_8,
          nicolae_vaults_little_squares_6, ontoclasm_vaults_loading_screen,
          v_rooms_1, st_diamondy, v_misc_14, hangedman_vaults_stream,
          v_pattern_4, vaults_room_corners, v_misc_14, vaults_dpeg_cross,
          v_misc_16, layout_vaults_omnibox, serial_shops, shop, uniq_boris
Vaults:3: nicolae_vaults_what_the_h, nicolae_vaults_fighting_squares,
          minmay_crypt_entry_simple_sparse, nicolae_vaults_sealed_display,
          v_misc_25, vaults_room_door_ring, nicolae_vaults_border_crossing,
          vaults_dpeg_diagonal, layout_vaults_quadrants, serial_shops, shop
Vaults:4: v_misc_3, ontoclasm_vaults_gateway, vaults_room_octagon,
          nicolae_vaults_c_with_doors, vaults_mumra_hexcomb, v_alt_pattern_4,
          vaults_dpeg_ring, ontoclasm_vaults_hangar,
          ontoclasm_vaults_decontamination, nicolae_vaults_ring_of_whatevers,
          nicolae_vaults_little_squares_4, nicolae_vaults_diagonal_hallway_6,
          ontoclasm_vaults_eye, vaults_room_fours, layout_vaults_chaotic_city,
          serial_shops, nicolae_shop_trees, shop, shop_fountains
Vaults:5: serial_shops
Crypt:1:  layout_rooms, basic_altar, ebering_ghost_reflecting_pool,
          roderic_lattice_octagonal_star, uniq_sojobo
Depths:1: layout_cave_pools, kennysheep_flooded_box, grunt_metal_band,
          feat_on_display, serial_bayou_shore_a
Depths:2: kennysheep_green_arena, layout_basic, enter_ziggurat_f, hell_entry,
          serial_shops, shop, pan_entry, infiniplex_staircase_pillars_2,
          uniq_nikola
Depths:3: grunt_profane_halls [grunt_profane_temple_geh,
          grunt_profane_temple_coc, grunt_profane_temple_tar,
          grunt_profane_temple_dis, grunt_profane_loot], pan_entry, hell_entry,
          uniq_margery
Depths:4: gammafunk_dig_for_victory, layout_basic, pf_hell_entry_tar_river,
          rand_demon_pan_entry_8, moated_statue, abyss_entry,
          hangedman_decor_push, drop_trap, uniq_mennas
Depths:5: evilmike_zot_entry_gauntlet, layout_gridlike, hell_entry,
          marbit_kobold_abyss_entry, pan_entry

Skill      XL: |  1  2  3  4  5  6  7  8  9 10 11 12 13 14 15 16 17 18 19 20 21 22 23 |
---------------+----------------------------------------------------------------------+-----
Bows           | 6 7 8 10 13 15 18 20 22 25 27 | 27.0
Invocations    | 1 8 |  8.1
Translocations | 2 3 4 5 |  5.0
Spellcasting   | 2 |  2.3
Fighting       | 7 12 13 14 15 16 18 | 18.0
Short Blades   | 3 4 7 |  7.5
Armour         | 4 7 8 11 12 13 16 18 20 | 20.9
Evocations     | 4 5 8 |  8.0
Conjurations   | 4 6 |  6.0
Fire Magic     | 2 4 |  4.0
Dodging        | 6 |  6.0
Stealth        | |  0.4

Action                   |  1- 3 |  4- 6 |  7- 9 | 10-12 | 13-15 | 16-18 | 19-21 | 22-24 || total
-------------------------+-------+-------+-------+-------+-------+-------+-------+-------++-------
Melee: Short sword       |    97 |    85 |       |       |       |       |       |       ||   182
       Kick              |    18 |    16 |    55 |    82 |   115 |   142 |    68 |     9 ||   505
       Quarterstaff      |       |    11 |   237 |    58 |       |       |       |       ||   306
       Trident           |       |       |       |   215 |   388 |   414 |   134 |       ||  1151
       Battleaxe         |       |       |       |       |    14 |       |       |       ||    14
       Shortbow          |       |       |       |       |       |     1 |       |       ||     1
       Longbow           |       |       |       |       |       |     4 |       |       ||     4
       Executioner's axe |       |       |       |       |       |       |     1 |    15 ||    16
 Fire: Shortbow          |    13 |    40 |    64 |   866 |  2471 |  1022 |       |       ||  4476
       Longbow           |       |       |       |       |   198 |  1104 |  1795 |  1573 ||  4670
 Cast: Blink             |       |       |       |       |     1 |       |       |       ||     1
Invok: Heroism           |       |       |     2 |     6 |    11 |     9 |     6 |     1 ||    35
       Finesse           |       |       |       |     2 |     3 |     4 |     5 |     4 ||    18
 Abil: Evoke Flight      |       |       |       |       |       |     3 |       |       ||     3
Evoke: Wand              |       |     3 |     3 |    24 |    33 |    26 |       |     1 ||    90
       Fan of gales      |       |       |       |       |       |     1 |       |       ||     1
       Phantom mirror    |       |       |       |       |       |     1 |       |       ||     1
       Phial of floods   |       |       |       |       |       |     4 |     5 |     4 ||    13
       Box of beasts     |       |       |       |       |       |     2 |     7 |     4 ||    13
  Use: Scroll            |       |       |    15 |     4 |    16 |    12 |     7 |    20 ||    74
       Potion            |       |       |     2 |     3 |     1 |     2 |     6 |     9 ||    23
 Stab: Petrifying        |       |       |     2 |       |       |       |       |       ||     2
       Petrified         |       |       |     2 |       |       |       |       |       ||     2
       Paralysed         |       |       |     1 |     1 |       |     6 |       |       ||     8
       Distracted        |       |       |       |     1 |       |       |       |       ||     1
  Eat: Chunk             |     1 |     6 |    10 |    20 |    53 |    23 |    20 |    22 ||   155
       Ration            |       |       |     2 |     4 |     4 |    15 |     9 |     7 ||    41
Armor: Leather armour    |    41 |    30 |   104 |    68 |   240 |       |       |       ||   483
       Skin              |       |       |       |     1 |       |       |       |     1 ||     2
       Chain mail        |       |       |       |       |   464 |   896 |       |       ||  1360
       Ring mail         |       |       |       |       |       |   457 |       |    63 ||   520
       Plate armour      |       |       |       |       |       |       |   304 |       ||   304
       Scale mail        |       |       |       |       |       |       |   108 |    98 ||   206
       Gold dragon scale |       |       |       |       |       |       |       |   290 ||   290
Dodge: Dodged            |    46 |    47 |   176 |   258 |   640 |  1128 |   404 |   270 ||  2969
